 Dungeon Crawl Stone Soup version 0.30.0 (webtiles) character file.

Game seed: 9411698841879325390

259 alexhoolio the Poker (level 6, 0/40 HPs)
             Began as a Gargoyle Berserker on May 31, 2023.
             Was a Believer of Trog.
             Slain by Blork the orc
             ... wielding a +5 short sword of flaming
              (3 damage)
             ... on level 4 of the Dungeon.
             The game lasted 00:09:32 (2201 turns).

alexhoolio the Poker (Gargoyle Berserker)           Turns: 2201, Time: 00:09:32

Health: 0/40       AC: 12    Str: 23    XL:     6   Next: 17%
Magic:  6/6        EV:  8    Int:  7    God:    Trog [**....]
Gold:   10         SH:  0    Dex:  9    Spells: 5/5 levels left

rFire   . . .        d - +0 trident
rCold   . . .        (no shield)
rNeg    + . .        n - +0 ring mail
rPois   ∞            j - +2 helmet
rElec   +            (no cloak)
rCorr   .            (no gloves)
SInv    .            (no boots)
Will    ++...        (no amulet) Stlth
                     (no ring)
HPRegen 1.26/turn    (no ring)
MPRegen 0.10/turn

%: no passive effects
@: grasped by roots, strong-willed (expiring), regenerating (expiring),
constricted
A: sickness immunity, AC +4, negative energy resistance 1, electricity
resistance, torment resistance 1, petrification resistance
a: Renounce Religion, Berserk, Trog's Hand


You were on level 4 of the Dungeon.
You worshipped Trog.
Trog was pleased with you.
You visited 1 branch of the dungeon, and saw 4 of its levels.

You collected 127 gold pieces.
You spent 117 gold pieces at shops.

Inventory:

Hand Weapons
 d - a +0 trident (weapon)
 k - a +0 sling
Missiles
 b - 31 stones (quivered)
 h - 4 poisoned darts
Armour
 j - a +2 helmet (worn)
 n - a +0 ring mail (worn)
Jewellery
 m - a ring of ice
Wands
 s - a wand of paralysis (8)
Scrolls
 a - a scroll of acquirement {unknown}
 c - a scroll of magic mapping {unknown}
 g - a scroll of identify
 i - a scroll of fog {unknown}
 l - 3 scrolls of teleportation
 o - a scroll of immolation {unknown}
 q - a scroll of brand weapon {unknown}
 r - a scroll of fear
Potions
 e - 2 potions of curing
 f - a potion of attraction
 p - a potion of lignification


   Skills:
 + Level 5.0 Fighting
 * Level 5.2 Polearms
 - Level 2.1 Armour
 - Level 1.5 Dodging


You had 5 spell levels left.
You didn't know any spells.
Your spell library was empty.

Dungeon Overview and Level Annotations

Branches:
Dungeon (4/15)
 Temple: D:4-7

Altars:
Elyvilon
Nemelex Xobeh
Qazlal

Shops:
D:2 ?

Annotations:
D:4 Blork the orc


Innate Abilities, Weirdness & Mutations

You are immune to sickness and miasma.
Your stone body is resilient. (AC +4)
You are immune to poison.
You resist negative energy. (rN+)
You are resistant to electric shocks. (rElec)
You are resistant to unholy torment.
You are immune to petrification.


Message History

You feel strong-willed. The grasping roots constrict you.
You fail to use your ability.
Blork the orc mumbles some strange words.
Blork the orc seems to speed up.
The grasping roots constrict you.
The grasping roots release their grip on you.
You reach to attack!
You hit Blork the orc.
Blork the orc is lightly wounded.
Blork the orc points at you and mumbles some strange words.
The puff of flame hits you.
A quokka comes into view.
You reach to attack!
You closely miss Blork the orc.
Blork the orc is lightly wounded.
Blork the orc casts a spell at you. The puff of flame hits you!
You hit Blork the orc but do no damage.
Blork the orc is lightly wounded.
Blork the orc points at you and mumbles some strange words.
The puff of flame hits you!
You puncture Blork the orc!
Blork the orc is moderately wounded.
You feel the effects of Trog's Hand fading.
Blork the orc zaps a wand.
The roots erupt in riotous growth!
The grasping roots grab you!
Blork the orc is unaffected.
The grasping roots constrict you. Blork the orc casts a spell at you.
The puff of frost hits you!
* * * LOW HITPOINT WARNING * * *
The grasping roots constrict you.
You hit Blork the orc.
Blork the orc is moderately wounded.
Blork the orc hits you but does no damage.
The grasping roots constrict you.
* * * LOW HITPOINT WARNING * * *
You puncture Blork the orc!
Blork the orc is severely wounded.
Blork the orc hits you with a +5 short sword of flaming!
* * * LOW HITPOINT WARNING * * *
Blork the orc burns you.
You die...

.#...... ........
##....... #......#
###...# #.....##
#.#.<..#
#######.#.......#
#.....@.#........#
...###'o'########..
..(r... .
#..#...#..#
#..#.#.#.#..#
#..#...#...#..#
..#.#.#.#.#.#..
.#...#.#.#...#.


You could see Blork the orc (fast) and a quokka.

Vanquished Creatures
  A phantom (D:2)
  An orc priest (D:3)
  A jelly (D:3)
  An orc wizard (D:3)
  A gnoll (D:1)
  2 adders (D:3)
  2 worms
  3 dart slugs
  3 orcs (D:3)
  6 ball pythons
  6 endoplasms
  3 giant cockroaches
  A goblin (D:3)
  7 hobgoblins
  6 jackals
  6 kobolds
  A quokka (D:1)
  5 bats
  A frilled lizard (D:1)
  5 rats (D:1)
62 creatures vanquished.

Notes
Turn   | Place    | Note
-------+----------+-------------------------------------------
     0 | D:1      | alexhoolio the Gargoyle Berserker began the quest for the
                  | Orb.
     0 | D:1      | Reached XP level 1. HP: 14/14 MP: 1/1
   177 | D:1      | Reached XP level 2. HP: 19/19 MP: 2/2
   314 | D:1      | Reached XP level 3. HP: 19/24 MP: 3/3
   394 | D:1      | Reached ** piety under Trog
   787 | D:2      | Found a faded altar of an unknown god.
   892 | D:2      | Found Rusyrevi's Magic Scroll Shop.
  1052 | D:2      | Reached XP level 4. HP: 29/29 MP: 4/4
  1403 | D:2      | Bought a scroll of teleportation for 39 gold pieces
  1461 | D:3      | Found a stormy altar of Qazlal.
  1461 | D:3      | Noticed a phantom
  1579 | D:2      | Killed a phantom
  1580 | D:2      | Reached XP level 5. HP: 32/34 MP: 5/5
  1767 | D:3      | Reached skill level 5 in Polearms
  1866 | D:3      | Reached XP level 6. HP: 35/40 MP: 6/6
  1896 | D:3      | Found a sparkling altar of Nemelex Xobeh.
  1916 | D:3      | Reached skill level 5 in Fighting
  2061 | D:3      | Found a white marble altar of Elyvilon.
  2145 | D:2      | Bought a scroll of fear for 52 gold pieces
  2145 | D:2      | Bought a scroll of identify for 26 gold pieces
  2193 | D:4      | Noticed Blork the orc
  2201 | D:4      | Slain by Blork the orc

Illustrated notes

Levels and vault maps discovered:
D:1:      dpeg_arrival_boxorama, layout_basic
D:2:      layout_rooms, nicolae_ecumenical_lake_church, serial_shops, shop,
          kennysheep_generic_room_11
D:3:      layout_rooms, mainiacjoe_overflow_surrounded_room, elyvilon_altar_5,
          mainiacjoe_overflow_concentric_impassable,
          hangedman_decor_clover_reticule
D:4:      layout_layer_cave, serial_glass, glass_columns_c, glass_columns_b,
          ebering_ghost_sewer_d, minmay_misc_feat_square, minmay_misc_feat_chi,
          kennysheep_cluttered_room, uniq_blork_the_orc, uniq_sigmund,
          uniq_menkaure

Skill      XL: |  1  2  3  4  5  6 |
---------------+-------------------+-----
Polearms       | 3 4 5 |  5.2
Fighting       | 4 5 |  5.0
Armour         | |  2.1
Dodging        | |  1.5

Action                     |  1- 3 |  4- 6 || total
---------------------------+-------+-------++-------
  Melee: Trident           |   102 |   101 ||   203
         Spear             |    11 |       ||    11
         Punch             |     1 |       ||     1
 Invoke: Berserk           |       |     2 ||     2
         Trog's Hand       |       |     1 ||     1
    Use: Scroll            |       |     3 ||     3
 Armour: Leather armour    |    27 |    16 ||    43
         Animal skin       |     1 |       ||     1
         Ring mail         |       |    16 ||    16
  Dodge: Dodged            |    66 |    44 ||   110
